 Dungeon Crawl Stone Soup version 0.22.1-2-g9c5b331 (webtiles) character file.

406 magicm the Shield-Bearer (level 6, -5/38 HPs)
             Began as a Gargoyle Fighter on Nov 13, 2018.
             Was a Follower of Dithmenos.
             Killed by divine providence
             ... invoked by an orc priest
              (14 damage)
             ... on level 4 of the Dungeon.
             The game lasted 00:11:27 (3323 turns).

magicm the Shield-Bearer (Gargoyle Fighter)         Turns: 3323, Time: 00:11:27

Health: -5/38      AC: 13    Str: 19    XL:     6   Next: 87%
Magic:  6/6        EV:  8    Int: 10    God:    Dithmenos [*.....]
Gold:   198        SH:  9    Dex: 10    Spells: 5/5 levels left

rFire    . . .     SeeInvis .   a - +1 flail
rCold    . . .     Gourm    .   c - +0 shield
rNeg     + . .     Faith    .   b - +1 scale mail
rPois    ∞         Spirit   .   (no helmet)
rElec    +         Reflect  .   g - +0 cloak
rCorr    +         Harm     .   (no gloves)
MR       .....                  (no boots)
Stlth    ..........             (no amulet)
HPRegen  0.12/turn              i - ring of resist corrosion
MPRegen  0.10/turn              (no ring)

@: wreathed by umbra
A: negative energy resistance 1, electricity resistance, unbreathing,
petrification resistance, rot immunity, AC +4
a: Renounce Religion


You were on level 4 of the Dungeon.
You worshipped Dithmenos.
Dithmenos was aware of your devotion.
You were not hungry.

You visited 1 branch of the dungeon, and saw 4 of its levels.

You collected 198 gold pieces.

Inventory:

Hand Weapons
 a - a +1 flail (weapon)
Armour
 b - a +1 scale mail (worn)
 c - a +0 shield (worn)
 g - a +0 cloak (worn)
Jewellery
 i - a ring of resist corrosion (left hand)
Scrolls
 e - 3 scrolls of remove curse
 o - a scroll of amnesia
Potions
 d - a potion of might
 h - a potion of ambrosia
 j - 2 potions of flight
 k - a potion of magic
 l - a potion of agility
 m - a potion of brilliance
 n - a potion of curing
Comestibles
 f - 8 rations


   Skills:
 + Level 3.9 Fighting
 + Level 4.4 Maces & Flails
 + Level 4.5 Armour
 + Level 1.2 Dodging
 + Level 0.4 Stealth
 + Level 5.1 Shields


You had 5 spell levels left.
You didn't know any spells.
Your spell library contained the following spells:

 Spells                   Type           Power        Failure   Level  Hunger
 Corona                   Hex            #......      98%         1    ##.....
 Ensorcelled Hibernation  Hex/Ice        #.....       99%         2    ###....
 Confuse                  Hex            #.......     100%        3    ####...
 Dazzling Spray           Conj/Hex       #.....       100%        3    ####...
 Tukima's Dance           Hex            #.......     100%        3    ####...


Dungeon Overview and Level Annotations

Branches:
Dungeon (4/15)             Temple (0/1) D:4

Altars:
Dithmenos
Zin


Innate Abilities, Weirdness & Mutations

You are resistant to torment.
Your stone body is resilient. (AC +4)
You are immune to poison.
You resist negative energy. (rN+)
You are resistant to electric shocks. (rElec)
You can survive without breathing.
You are immune to petrification.
You are immune to rotting.


Message History

Your shield and scale mail prevent you from hitting the orc priest.
The orc priest is lightly wounded.
The orc priest closely misses you.
The orc priest hits you but does no damage.
You completely miss the orc priest.
The orc priest is lightly wounded.
The orc priest closely misses you.
You barely miss the orc priest.
The orc priest is lightly wounded.
The orc priest mumbles some strange prayers to Beogh against you.
Pain shoots through your body!
* * * LOW HITPOINT WARNING * * *
You hit the orc priest but do no damage.
The orc priest is lightly wounded.
The orc priest hits you but does no damage.
You completely miss the orc priest.
The orc priest is lightly wounded.
The orc priest mumbles some strange prayers to Beogh against you.
Beogh smites you!
You die...

#.#.#.................
..........#)÷.>...#..
#.................
#......#.......#..
#.................
#......#.#.#.#.#.
#................
#.######.##.#... #@#
#.# ..... #o# .# ..


Srw %.o.. ....... ####+.?.. ....≈ ..≈≈≈≈ You could see a worm, an orc priest, an
adder, a river rat and an orc.

Vanquished Creatures
  An ogre (D:4)
  A centaur (D:2)
  An orc priest (D:3)
  An orc wizard (D:4)
  Robin (D:2)
  4 adders (D:2)
  A river rat (D:4)
  2 oozes
  5 worms
  A dart slug (D:1)
  3 leopard geckos
  14 orcs
  A giant cockroach (D:2)
  12 goblins
  12 hobgoblins
  10 jackals
  A quokka (D:2)
  5 bats
  4 frilled lizards
  11 kobolds
  5 rats
96 creatures vanquished.

Notes
Turn   | Place    | Note
-------+----------+-------------------------------------------
     0 | D:1      | magicm the Gargoyle Fighter began the quest for the Orb.
     0 | D:1      | Reached XP level 1. HP: 14/14 MP: 1/1
   222 | D:1      | Reached XP level 2. HP: 19/19 MP: 2/2
   550 | D:1      | Reached XP level 3. HP: 17/23 MP: 3/3
   906 | D:2      | Reached skill level 4 in Shields
  1012 | D:2      | Reached XP level 4. HP: 28/28 MP: 4/4
  1348 | D:2      | Noticed a centaur
  1625 | D:2      | Noticed Robin
  1670 | D:2      | Killed Robin
  1866 | D:2      | Killed a centaur
  1866 | D:2      | Reached XP level 5. HP: 29/33 MP: 5/5
  2193 | D:2      | Found a glowing silver altar of Zin.
  2194 | D:2      | Found a shadowy altar of Dithmenos.
  2200 | D:2      | Became a worshipper of Dithmenos the Shadowed
  2430 | D:3      | Reached skill level 1 in Dodging
  2430 | D:3      | Reached XP level 6. HP: 23/38 MP: 6/6
  2953 | D:4      | Found a staircase to the Ecumenical Temple.
  2969 | D:4      | HP: 1/38 [ogre/giant spiked club (13)]
  2974 | D:4      | Reached skill level 5 in Shields
  3307 | D:4      | Reached * piety under Dithmenos
  3323 | D:4      | Killed from afar by an orc priest

Skill      XL: |  1  2  3  4  5  6 |
---------------+-------------------+-----
Shields        | 4 5 |  5.1
Maces & Flails | 3 4 |  4.4
Armour         | 4 |  4.5
Dodging        | 1 |  1.2
Fighting       | |  3.9
Stealth        | |  0.4

Action                   |  1- 3 |  4- 6 || total
-------------------------+-------+-------++-------
Melee: Flail             |   108 |   268 ||   376
  Use: Scroll            |     3 |    11 ||    14
       Potion            |       |     1 ||     1
  Eat: Ration            |     1 |     2 ||     3
Armor: Scale mail        |    68 |   160 ||   228
Dodge: Dodged            |    38 |    99 ||   137
Block: Shield            |    63 |   155 ||   218
